 Dungeon Crawl Stone Soup version 0.21-a0-2-ge494091 (webtiles) character file.

23 Chaoticas the Charmwright (level 2, 0/22 HPs)
             Began as a Merfolk Skald on May 22, 2017.
             Slain by a jackal (2 damage)
             ... on level 1 of the Dungeon.
             The game lasted 00:01:30 (684 turns).

Chaoticas the Charmwright (Merfolk Skald)            Turns: 684, Time: 00:01:31

Health: 0/22       AC:  1    Str: 11    XL:     2   Next: 95%
Magic:  5/5        EV: 12    Int: 12    God:
Gold:   43         SH:  0    Dex: 13    Spells: 4/5 levels left

rFire    . . .     SeeInvis .   a - +0 spear
rCold    . . .     Gourm    .   (no shield)
rNeg     . . .     Faith    .   g - -2 leather armour (curse)
rPois    .         Spirit   .   (no helmet)
rElec    .         Reflect  .   (no cloak)
rCorr    .         Harm     .   (no gloves)
MR       .....                  (no boots)
Stlth    +.........             (no amulet)
Regen    0.1/turn               (no ring)
MPRegen  0.1/turn               (no ring)

@: no status effects
A: change form in water, swift swim, stealthy swim
a: no special abilities


You were on level 1 of the Dungeon.
You were not hungry.

You visited 1 branch of the dungeon, and saw 1 of its levels.

You collected 43 gold pieces.

Inventory:

Hand Weapons
 a - a +0 spear (weapon)
Armour
 e - a +0 ring mail
   (You found it on level 1 of the Dungeon)
 g - a cursed -2 leather armour (worn)
   (You found it on level 1 of the Dungeon)
Jewellery
 b - an uncursed ring of fire {unknown}
   (You found it on level 1 of the Dungeon)
 m - an uncursed ring of ice {unknown}
   (You found it on level 1 of the Dungeon)
Scrolls
 i - a scroll of teleportation {unknown}
 j - 2 scrolls of identify {unknown}
Potions
 h - a potion of haste {unknown}
Books
 c - a book of Battle

   Spells                             Type                      Level
   a - Infusion                       Charms                       1
   b - Shroud of Golubria             Charms/Translocation         2
   c - Song of Slaying                Charms                       2
   d - Spectral Weapon                Hexes/Charms                 3
   e - Regeneration                   Charms/Necromancy            3
Comestibles
 d - a bread ration
 f - 6 chunks of flesh
 k - a royal jelly
 l - a meat ration


   Skills:
 - Level 2.1 Fighting
 * Level 3.9 Polearms
 - Level 0.6 Armour
 - Level 2.6 Dodging
 - Level 2.0 Spellcasting
 * Level 4.0 Charms


You had 4 spell levels left.
You knew the following spells:

 Your Spells              Type           Power        Failure   Level  Hunger
a - Infusion              Chrm           ##..         7%          1    ##.....


Dungeon Overview and Level Annotations

Branches:
Dungeon (1/15)

Altars:


Message History

You completely miss the hobgoblin.
The hobgoblin is almost dead.
The hobgoblin barely misses you.
You hit the hobgoblin but do no damage.
The hobgoblin is almost dead.
The hobgoblin hits you but does no damage.
A jackal comes into view.
The jackal barks!
You hit the hobgoblin.
You kill the hobgoblin!
The jackal moves out of view.
You closely miss the goblin. The goblin hits you with a dagger.
* * * LOW HITPOINT WARNING * * *
You are too injured to fight recklessly!
You are too injured to fight recklessly!
You are too injured to fight recklessly!
You are too injured to fight recklessly!
You are too injured to fight recklessly!
You are too injured to fight recklessly!
You are too injured to fight recklessly!
You are too injured to fight recklessly!
You are too injured to fight recklessly!
You closely miss the goblin. The goblin barely misses you.
You hit the jackal.
The jackal is heavily wounded.
The jackal closely misses you. The goblin hits you with a dagger.
* * * LOW HITPOINT WARNING * * *
The jackal barely misses you.
You closely miss the jackal.
The jackal is moderately wounded.
The jackal misses you.
You hit the jackal but do no damage.
The jackal is moderately wounded.
The jackal closely misses you.
You hit the jackal but do no damage.
The jackal is lightly wounded.
The jackal completely misses you. The jackal bites you.
* * * LOW HITPOINT WARNING * * *
The jackal barely misses you. The jackal closely misses you.
The jackal bites you.
* * * LOW HITPOINT WARNING * * *
The jackal barely misses you. The jackal bites you.
* * * LOW HITPOINT WARNING * * *
The jackal closely misses you. The jackal closely misses you.
The jackal bites you.
You die...

# ##.....## ##.#
#..... # ##)).## #.#
#####. # ##'## #.# #.
# ###.####### #.# #.
######.........# #.#
###. ....##...#####.#
#.# #... ###.##....##
#.# #.# #.#.
###.##.....###.####.#
#.#.
#........gg.h.hh@...#
#.#.
#.#.##...#####.######
#.#.
..#.##.....รท...#
#.## ###.##.........#
#... ###.############
#### ....# #####


You could see 3 jackals and 2 goblins.

Vanquished Creatures
  2 dart slugs (D:1)
  A giant cockroach (D:1)
  3 goblins (D:1)
  3 hobgoblins (D:1)
  4 kobolds (D:1)
  A ball python (D:1)
  2 bats (D:1)
  A frilled lizard (D:1)
  2 rats (D:1)
19 creatures vanquished.

Notes
Turn   | Place    | Note
-------+----------+-------------------------------------------
     0 | D:1      | Chaoticas the Merfolk Skald began the quest for the Orb.
     0 | D:1      | Reached XP level 1. HP: 16/16 MP: 3/3
   228 | D:1      | Reached XP level 2. HP: 12/22 MP: 5/5
   631 | D:1      | HP: 11/22 [goblin (3)]
   635 | D:1      | Reached skill level 4 in Charms
   649 | D:1      | HP: 9/22 [goblin/dagger (4)]
   656 | D:1      | HP: 5/22 [goblin/dagger (4)]
   664 | D:1      | HP: 5/22 [jackal (1)]
   671 | D:1      | HP: 2/22 [jackal (3)]
   677 | D:1      | HP: 2/22 [jackal (1)]
   684 | D:1      | Slain by a jackal

Vault maps used:
D:1:      sevenhm_arrival_forest_fort_large_3, kennysheep_small_spiral,
          minmay_pentomino_t4

Skill      XL: |  1  2 |
---------------+-------+-----
Charms         | 4 |  4.0
Fighting       | |  2.1
Polearms       | |  3.9
Armour         | |  0.6
Dodging        | |  2.6
Spellcasting   | |  2.0

Action                   || total
-------------------------++-------
Melee: Spear             ||    72
 Stab: Sleeping          ||     1
Armor: Leather armour    ||     4
Dodge: Dodged            ||    35
